 Dungeon Crawl Stone Soup version 0.31-a0-175-g9f7f995f2b (webtiles) character file.

Game seed: 119739585721123113

50 qw the Shooter (level 3, -1/23 HPs)
             Began as a Gargoyle Hunter on June 17, 2023.
             Slain by Sigmund
             ... wielding a +4 vampiric scythe
              (3 damage)
             ... on level 2 of the Dungeon.
             The game lasted 00:00:31 (952 turns).

qw the Shooter (Gargoyle Hunter)                     Turns: 952, Time: 00:00:31

Health: -1/23      AC:  6    Str: 14    XL:     3   Next: 79%
Magic:  3/3        EV: 11    Int:  9    God:
Gold:   82         SH:  0    Dex: 15    Spells: 2/2 levels left

rFire   . . .        Y - +1 shortbow
rCold   . . .        (shield currently unavailable)
rNeg    + . .        c - +0 leather armour
rPois   inf          (no helmet)
rElec   +            (no cloak)
rCorr   .            (no gloves)
SInv    .            (no boots)
Will    .....        (no amulet)
Stlth   ++           (no ring)
HPRegen 0.23/turn    (no ring)
MPRegen 0.08/turn

%: no passive effects
@: no status effects
A: sickness immunity, AC +3, negative energy resistance 1, electricity
resistance, torment resistance 1, petrification resistance
a: no special abilities


You were on level 2 of the Dungeon.
You visited 1 branch of the dungeon, and saw 2 of its levels.

You collected 82 gold pieces.


Innate Abilities, Weirdness & Mutations

You are immune to sickness and miasma.
Your stone body is resilient. (AC +3)
You are immune to poison.
You resist negative energy. (rN+)
You are resistant to electric shocks. (rElec)
You are resistant to unholy torment.
You are immune to petrification.


   Skills:
 - Level 3.0 Fighting
 + Level 5.0 Ranged Weapons
 - Level 1.5 Dodging
 - Level 1.1 Stealth


You had 2 spell levels left.
You didn't know any spells.
Your spell library was empty.

Inventory:

Hand Weapons
 Y - a +1 shortbow (weapon)
Armour
 c - a +0 leather armour (worn)
Jewellery
 g - a ring of willpower
Scrolls
 a - a scroll of vulnerability {unknown}
 k - a scroll of silence {unknown}
Potions
 b - 2 potions of degeneration {unknown}
 d - a potion of haste {unknown}
 e - a potion of ambrosia {unknown}
 f - a potion of cancellation {unknown}
 h - a potion of curing {unknown}
 i - 2 potions of attraction {unknown}
 j - a potion of enlightenment {unknown}
 l - a potion of heal wounds {unknown}

Dungeon Overview and Level Annotations

Branches:
Dungeon (2/15)

Altars:

Annotations:
D:2 Sigmund


Message History

Enter note:
929 ||| FLEEEEING.
930 ||| FLEEEEING.
931 ||| FLEEEEING.
932 ||| STILL FLEEEEING.
933 ||| STILL FLEEEEING.
934 ||| STILL FLEEEEING.
935 ||| STILL FLEEEEING.
936 ||| STILL FLEEEEING.
937 ||| STILL FLEEEEING.
938 ||| STILL FLEEEEING.
939 ||| STILL FLEEEEING.
940 ||| STILL FLEEEEING.
You start resting.
Sigmund is nearby!
You shoot an arrow. The arrow hits Sigmund.
Sigmund is lightly wounded.
You shoot an arrow. The arrow hits Sigmund!
Sigmund is heavily wounded.
You shoot an arrow. The arrow hits Sigmund.
Sigmund is heavily wounded.
You shoot an arrow. The arrow closely misses Sigmund.
Sigmund gestures at you while chanting.
You are confused.
Sigmund gestures wildly while chanting.
Sigmund flickers and vanishes!
Deactivating autopickup; reactivate with Ctrl-A.
You shoot an arrow. Something barely misses you.
You shoot an arrow. Something hits you.
You shoot an arrow. You shoot an arrow. Something hits you.
You shoot an arrow. Something hits you!
You shoot an arrow.
You feel less confused. Something hits you.
You die...

# # #.##.#
#.# #..# #
#.##.# #.#
#..# ###.#
#.##.#####.#
#..# .....
#[.........#
#..# ###.#
####.#######
#... ###.#
#.# #..#
....# #{#
#######.>#
##### #.#
#........# #
#@#
#.#####..# #
#.# #... #
#.# #.## #
#.#
#.#####.## #
#.#
#......... #
#.#
#.#####.## #
#.# #.# #.##
### #####
#.# #.# #.##
..###...####
#.# #.# #.##


There were no monsters in sight!

Vanquished Creatures
  An adder (D:2)
  A worm (D:2)
  A dart slug (D:1)
  7 bats
  3 endoplasms (D:1)
  A giant cockroach (D:1)
  4 goblins
  2 hobgoblins (D:2)
  2 kobolds (D:2)
  2 quokkas (D:1)
  4 ball pythons
  A frilled lizard (D:1)
  6 rats
35 creatures vanquished.

Notes
Turn   | Place    | Note
-------+----------+-------------------------------------------
     0 | D:1      | qw the Gargoyle Hunter began the quest for the Orb.
     0 | D:1      | Reached XP level 1. HP: 12/12 MP: 1/1
     0 | D:1      | 0 ||| qw: Version: 0.3-a-2-g5ab2908
     0 | D:1      | 0 ||| qw: Game counter: 282
     0 | D:1      | 0 ||| qw: Always use a shield: true
     0 | D:1      | 0 ||| qw: God list: Okawaru
     0 | D:1      | 0 ||| qw: Allow faded altars: false
     0 | D:1      | 0 ||| qw: Do Orc after D:15 true
     0 | D:1      | 0 ||| qw: Do second Lair branch before Depths: true
     0 | D:1      | 0 ||| qw: Lair rune preference: random
     0 | D:1      | 0 ||| qw: Plans: Normal, Zot:1-4, Slime:5, God:TSO, Crypt,
                  | Tomb, Abyss, Pan, Hells, Win
     0 | D:1      | 0 ||| PLANNING D:1-11
     3 | D:1      | 3 ||| Stepping ~*~*~tactically~*~*~ (water).
    61 | D:1      | Reached XP level 2. HP: 17/17 MP: 2/2
   433 | D:1      | Reached XP level 3. HP: 21/21 MP: 3/3
   454 | D:1      | 454 ||| DROPPING ring of magical power.
   455 | D:1      | 455 ||| READING scroll labelled OLAESA REUZEUTH.
   456 | D:1      | 456 ||| READING scroll labelled LUTIRY COMMENUMP.
   457 | D:1      | 457 ||| READING scroll labelled UTYTEU USIOGE.
   458 | D:1      | 458 ||| READING scroll labelled JACKIF BONE.
   459 | D:1      | 459 ||| READING scroll labelled IZISOBLE UCUAG.
   460 | D:1      | 460 ||| DRINKING 2 ruby potions.
   461 | D:1      | 461 ||| DROPPING scroll of butterflies.
   462 | D:1      | 462 ||| DROPPING potion of brilliance.
   572 | D:2      | Reached skill level 5 in Ranged Weapons
   671 | D:2      | Reached skill level 3 in Fighting
   928 | D:2      | Noticed Sigmund
   929 | D:2      | 929 ||| FLEEEEING.
   930 | D:2      | 930 ||| FLEEEEING.
   931 | D:2      | 931 ||| FLEEEEING.
   951 | D:2      | HP: 2/23 [something (10)]
   952 | D:2      | Slain by Sigmund

Levels and vault maps discovered:
D:1:      dpeg_arrival_subterranean_lakeside_camping, layout_rooms
D:2:      layout_loops_ring, uniq_sigmund

Skill      XL: |  1  2  3 |
---------------+----------+-----
Ranged Weapons | 5 |  5.0
Fighting       | 3 |  3.0
Dodging        | |  1.5
Stealth        | |  1.1

Action                     || total
---------------------------++-------
   Fire: Shortbow          ||   105
    Use: Scroll            ||     5
         Potion            ||     1
 Armour: Leather armour    ||    16
  Dodge: Dodged            ||    30

Table legend:
 A = Non-vault XP
 B = Vault XP
 C = Vault XP percentage of total XP
 D = Non-vault monster count
 E = Vault monster count
 F = Vault count percentage of total count
                 A         B        C        D         E       F
            +---------+---------+-------+---------+---------+-------
      Total |      63 |       9 |  12.5 |      29 |       6 |  17.1
            +---------+---------+-------+---------+---------+-------
        D:1 |      28 |       9 |  24.3 |      16 |       6 |  27.3
        D:2 |      35 |       0 |   0.0 |      13 |       0 |   0.0
            +---------+---------+-------+---------+---------+-------
